 Dungeon Crawl Stone Soup version 0.23.2-1-ga50397a (webtiles) character file.

Game seed: 4994146953596154556

49 eoe the Cudgeler (level 3, -4/36 HPs)
             Began as a Troll Berserker on May 2, 2019.
             Was a Believer of Trog.
             Slain by Natasha (6 damage)
             ... on level 2 of the Dungeon.
             The game lasted 00:10:46 (682 turns).

eoe the Cudgeler (Troll Berserker)                   Turns: 682, Time: 00:10:47

Health: -4/36      AC:  6    Str: 26    XL:     3   Next: 53%
Magic:  2/2        EV: 10    Int:  3    God:    Trog [**....]
Gold:   40         SH:  0    Dex:  9    Spells: 2/2 levels left

rFire    . . .     SeeInvis .   a - +0 mace
rCold    . . .     Gourm    +   (no shield)
rNeg     . . .     Faith    .   b - +0 animal skin
rPois    .         Spirit   .   (helmet restricted)
rElec    .         Reflect  .   (no cloak)
rCorr    .         Harm     .   (gloves unavailable)
MR       .....                  (boots unavailable)
Stlth    +.........             (no amulet)
HPRegen  0.52/turn              (no ring)
MPRegen  0.08/turn              (no ring)

@: slowed, very slow
A: large, unfitting armour, claws 3, fast metabolism 3, gourmand, regeneration
1, shaggy fur 1, tough skin 3
a: Berserk, Trog's Hand, Renounce Religion


You were on level 2 of the Dungeon.
You worshipped Trog.
Trog was pleased with you.
You were near starving.

You visited 1 branch of the dungeon, and saw 2 of its levels.

You collected 40 gold pieces.

Inventory:

Hand Weapons
 a - a +0 mace (weapon)
 h - a +0 dagger
 i - a +0 dagger
Missiles
 e - 5 tomahawks (quivered)
Armour
 b - a +0 animal skin (worn)
 k - a +0 ring mail
Jewellery
 d - a +3 amulet of reflection {unknown}
 j - an uncursed ring of protection from fire {unknown}
 m - a cursed amulet of inaccuracy {unknown}
 u - an uncursed ring of protection from fire {unknown}
Wands
 s - a wand of digging (7)
Scrolls
 f - 2 scrolls of identify {unknown}
 g - a scroll of teleportation {unknown}
 o - a scroll of fog {unknown}
 r - a scroll of fear {unknown}
Potions
 l - a potion of berserk rage {unknown}
 n - a potion of curing {unknown}
 q - a potion of haste {unknown}
 t - a potion of lignification {unknown}
Comestibles
 c - 4 rations
 p - 8 chunks of flesh


   Skills:
 + Level 2.6 Fighting
 + Level 3.2 Maces & Flails
 + Level 0.2 Throwing
 + Level 3.1 Dodging


You had 2 spell levels left.
You didn't know any spells.
Your spell library was empty.

Dungeon Overview and Level Annotations

Branches:
Dungeon (2/15)

Altars:

Annotations:
D:2 Natasha


Innate Abilities, Weirdness & Mutations

You are too large for most types of armour.
You have claws for hands.
Your metabolism is lightning-fast.
You like to eat raw meat.
Your natural rate of healing is unusually fast.
You are covered in fur. (AC +1)
You have extremely tough skin. (AC +3)


Message History

The quokka bites you.
* * * LOW HITPOINT WARNING * * *
Natasha casts a spell at you.
You feel as though you will be slow longer.
The quokka bites you but does no damage.
Natasha extends her claws.
Natasha closely misses you.
You barely miss the quokka.
The quokka is almost dead.
The quokka bites you but does no damage.
The quokka closely misses you. Natasha barely misses you. The quokka bites you.
* * * LOW HITPOINT WARNING * * *
Natasha stares at you and mumbles some strange words.
You feel as though you will be slow longer.
You closely miss the quokka.
The quokka is almost dead.
The quokka bites you.
* * * LOW HITPOINT WARNING * * *
Natasha claws you.
You die...

...(#...........)................
###....################....####.
# ####.## #..### # #..# #..#
##.### ..## #...## #.# ###..#
######.#.# ##.#####.h......#
#.รท...#@#####.# #####..r# ##.##
....# ##.#... .. #..# #.# .... #.
#.##. #. .#


You could see Natasha and a quokka.

Vanquished Creatures
  Jessica (D:2)
  A leopard gecko (D:2)
  A ball python (D:2)
  A giant cockroach (D:2)
  4 hobgoblins
  7 kobolds
  2 bats
  3 goblins
  2 rats
22 creatures vanquished.

Notes
Turn   | Place    | Note
-------+----------+-------------------------------------------
     0 | D:1      | eoe the Troll Berserker began the quest for the Orb.
     0 | D:1      | Reached XP level 1. HP: 22/22 MP: 0/0
   282 | D:1      | Reached XP level 2. HP: 27/29 MP: 1/1
   591 | D:2      | Noticed Jessica
   606 | D:2      | Killed Jessica
   606 | D:2      | Reached ** piety under Trog
   606 | D:2      | Reached XP level 3. HP: 30/36 MP: 2/2
   673 | D:2      | Noticed Natasha
   682 | D:2      | Slain by Natasha

Skill      XL: |  1  2 |
---------------+-------+-----
Maces & Flails | 3 |  3.2
Dodging        | 3 |  3.1
Fighting       | |  2.6
Throwing       | |  0.2

Action                   || total
-------------------------++-------
Melee: Mace              ||    74
Throw: Tomahawk          ||    10
  Eat: Chunk             ||     2
Armor: Animal skin       ||    34
Dodge: Dodged            ||    39
